 Dungeon Crawl Stone Soup version 0.29-a0-378-gc08b2e8bf8 (webtiles) character file.

Game seed: 3272166210694970440

17 zeratav the Sneak (level 2, -3/18 HPs)
             Began as a Kobold Enchanter on May 4, 2022.
             Slain by a worm (8 damage)
             ... on level 2 of the Dungeon.
             The game lasted 00:00:44 (933 turns).

zeratav the Sneak (Kobold Enchanter)                 Turns: 933, Time: 00:00:45

Health: -3/18      AC:  2    Str:  5    XL:     2   Next: 80%
Magic:  5/5        EV: 15    Int: 16    God:
Gold:   53         SH:  0    Dex: 15    Spells: 5/5 levels left

rFire   . . .      SeeInvis .   i - +0 short sword {short}
rCold   . . .      Faith    .   (no shield)
rNeg    . . .      Spirit   .   b - +0 robe
rPois   .          Reflect  .   (no helmet)
rElec   .          Harm     .   (no cloak)
rCorr   .          Rampage  .   (no gloves)
Will    .....                   (no boots)
Stlth   ++++......              (no amulet)
HPRegen 0.06/turn               (no ring)
MPRegen 0.09/turn               (no ring)

@: no status effects
A: small, no large weapons, nightstalker 3
a: no special abilities


You were on level 2 of the Dungeon.
You visited 1 branch of the dungeon, and saw 2 of its levels.

You collected 53 gold pieces.


Innate Abilities, Weirdness & Mutations

You are small and have problems with some larger weapons.
You are completely attuned to the shadows.


   Skills:
 + Level 2.4 Fighting
 - Level 1.3 Short Blades
 - Level 2.4 Dodging
 - Level 4.0 Stealth
 - Level 2.1 Spellcasting
 - Level 3.0 Hexes


You had 5 spell levels left.
You didn't know any spells.
Your spell library contained the following spells:

 Spells                   Type           Power      Damage    Failure   Level
 Ensorcelled Hibernation  Hex/Ice        12%        N/A       17%         2
 Confusing Touch          Hex            11%        N/A       19%         3
 Tukima's Dance           Hex            11%        N/A       19%         3
 Dazzling Flash           Conj/Hex       12%        N/A       32%         3

Inventory:

Hand Weapons
 i - a +0 short sword (weapon) {short}
   (You found it on level 1 of the Dungeon)
Armour
 a - a +0 robe
   (You found it on level 1 of the Dungeon)
 b - a +0 robe (worn)
Jewellery
 l - an amulet of regeneration {@e2}
   (You found it on level 1 of the Dungeon)
Scrolls
 d - a scroll of identify {unknown}
 e - 2 scrolls of blinking {unknown}
 j - a scroll of fog {unknown}
 k - a scroll of brand weapon {unknown}
Potions
 c - 2 potions of invisibility
 f - a potion of attraction {unknown}
 g - 2 potions of curing {unknown}
 h - a potion of heal wounds {unknown}

Dungeon Overview and Level Annotations

Branches:
Dungeon (2/15)

Altars:

#
####.#
#.w..#
#@# #.#
#.# #.#
#.# #.#
#.#
#####.#
#.....#


You could see a worm.


Message History

No target in view!
No target in view!
No target in view!
No target in view!
No target in view!
No target in view!
No target in view!
No target in view!
No target in view!
No target in view!
You now have 41 gold pieces (gained 7).
An endoplasm comes into view.
An endoplasm is nearby!
The helpless endoplasm fails to defend itself.
You puncture the endoplasm!
You kill the endoplasm!
No target in view!
No target in view!
No target in view!
No target in view!
No target in view!
No target in view!
No target in view!
No target in view!
No target in view!
No target in view!
No target in view!
No target in view!
No target in view!
No target in view!
You now have 49 gold pieces (gained 8).
You pick your way through the web.
l - an amulet of regeneration {@e2}
There is a web here.
There is a shaft here.
e - 2 scrolls labelled NOAGEMEBBE (gained 1)
You see here 15 stones {throwing}.
A ball python comes into view.
A ball python is nearby!
A hobgoblin comes into view.
You see here 4 gold pieces.
The helpless ball python fails to defend itself.
You puncture the ball python!
You kill the ball python!
HP[+1]
You now have 18 max hp (+1).
Your hp is fully restored (18).
You hit the hobgoblin. The hobgoblin barely misses you.
You hit the hobgoblin.
You kill the hobgoblin!
No target in view!
No target in view!
No target in view!
No target in view!
No target in view!
No target in view!
No target in view!
No target in view!
No target in view!
No target in view!
No target in view!
No target in view!
No target in view!
No target in view!
You now have 53 gold pieces (gained 4).
You see here 15 stones {throwing}.
Done exploring.
Done exploring.
(D) Dungeon
Where to? (Enter - D:1 @ (x,y), ? - help)
There is a stone staircase leading down here.
You climb downwards.
There is a stone staircase leading up here.
A worm comes into view.
The helpless worm fails to defend itself.
You puncture the worm! The worm bites you.
HP[-6]
You take 6 damage, and now have 12/18 hp.
MASSIVE DAMAGE!! (PAUSE)
You are too injured to fight recklessly!
You are too injured to fight recklessly!
You are too injured to fight recklessly!
You are too injured to fight recklessly!
You are too injured to fight recklessly!
You are too injured to fight recklessly!
You are too injured to fight recklessly!
You are too injured to fight recklessly!
You are too injured to fight recklessly!
You are too injured to fight recklessly!
You are too injured to fight recklessly!
You are too injured to fight recklessly!
You hit the worm. You hit the worm but do no damage.
The worm bites you but does no damage.
You barely miss the worm. The worm bites you!
* * * LOW HITPOINT WARNING * * *
HP[-7]
You take 7 damage, and now have 5/18 hp.
MASSIVE DAMAGE!! (PAUSE)
You hit the worm. You hit the worm. The worm bites you!
You die...

Skill      XL: |  1  2 |
---------------+-------+-----
Fighting       | 1 2 |  2.4
Short Blades   | |  1.3
Dodging        | |  2.4
Stealth        | |  4.0
Spellcasting   | |  2.1
Hexes          | |  3.0

Action                   || total
-------------------------++-------
Melee: Dagger            ||    11
       Short sword       ||    17
 Stab: Sleeping          ||    11
Armor: Robe              ||     1
Dodge: Dodged            ||     7

Levels and vault maps discovered:
D:1:      dpeg_arrival_shrine, layout_loops_cross,
          dilly_ecumenical_altar_fadedgnrine, corner_web_ring
D:2:      layout_basic, serial_shops, shop, serial_curves, eino_curves_01,
          eino_curves_01, nicolae_figureground_sparkle, uniq_sigmund

Notes
Turn   | Place    | Note
-------+----------+-------------------------------------------
     0 | D:1      | zeratav the Kobold Enchanter began the quest for the Orb.
     0 | D:1      | Reached XP level 1. HP: 10/10 MP: 3/3
     0 | D:1      | magus.rc [v1.9.6]
   151 | D:1      | Reached skill level 1 in Fighting
   178 | D:1      | Reached XP level 2. HP: 16/16 MP: 5/5
   334 | D:1      | Found a faded altar of an unknown god.
   518 | D:1      | Reached skill level 2 in Fighting
   933 | D:2      | Slain by a worm

Vanquished Creatures
  A dart slug (D:1)
  A ball python (D:1)
  3 endoplasms (D:1)
  3 hobgoblins (D:1)
  A kobold (D:1)
  2 bats (D:1)
  A frilled lizard (D:1)
  A rat (D:1)
13 creatures vanquished.

Table legend:
 A = Non-vault XP
 B = Vault XP
 C = Vault XP percentage of total XP
 D = Non-vault monster count
 E = Vault monster count
 F = Vault count percentage of total count
                 A         B        C        D         E       F
            +---------+---------+-------+---------+---------+-------
      Total |      25 |       0 |   0.0 |      13 |       0 |   0.0
            +---------+---------+-------+---------+---------+-------
        D:1 |      25 |       0 |   0.0 |      13 |       0 |   0.0
            +---------+---------+-------+---------+---------+-------

Illustrated notes

Table legend:
 A = Kills in this place as a percentage of kills in entire the game.
 B = Kills by you in this place as a percentage of kills by you in the entire game.
 C = Kills by friends in this place as a percentage of kills by friends in the entire game.
 D = Other kills in this place as a percentage of other kills in the entire game.
 E = Experience gained in this place as a percentage of experience gained in the entire game.
 F = Experience gained in this place divided by the number of levels of this place that you have seen.
                   A       B       C       D       E      F
               +-------+-------+-------+-------+-------+----------------------
         Total | 100.0 | 100.0 |   N/A |   N/A | 100.0 |  12.5
       Dungeon | 100.0 | 100.0 |   N/A |   N/A | 100.0 |  12.5
               +-------+-------+-------+-------+-------+----------------------

Table legend: (Time is in decaauts)
 A = Elapsed time spent in this place.
 B = Non-inter-level travel time spent in this place.
 C = Inter-level travel time spent in this place.
 D = Time resting spent in this place.
 E = Time spent auto-exploring this place.
 F = Levels seen in this place.
 G = Mean time per level.
                   A        B        C        D        E       F      G
               +--------+--------+--------+--------+--------+-----+--------+
         Total |    932 |    898 |     34 |      0 |    813 |   2 |  466.0 |
       Dungeon |    932 |    898 |     34 |      0 |    813 |   2 |  466.0 |
               +--------+--------+--------+--------+--------+-----+--------+

Top non-repeatable levels by time:
     D:1: 910 daAuts
     D:2: 22 daAuts
